 Dungeon Crawl Stone Soup version 0.30.1-11-g7821555f0a (webtiles) character file.

Game seed: 1487786437728135170

13 jagang the Trooper (level 2, -1/23 (25) HPs)
             Began as a Barachi Monk on Oct 27, 2023.
             Slain by a gnoll
             ... wielding a +0 club
              (7 damage)
             ... on level 1 of the Dungeon.
             The game lasted 00:02:12 (532 turns).

jagang the Trooper (Barachi Monk)                    Turns: 532, Time: 00:02:13

HP:   -1/23 (25)    AC:  5    Str: 12    XL:     2   Next: 37%
MP:   2/2           EV: 11    Int: 10    God:
Gold: 0             SH:  3    Dex: 14    Spells: 1/1 levels left

rFire   . . .        a - +0 falchion
rCold   . . .        e - +0 buckler
rNeg    . . .        j - +0 ring mail
rPois   .            (no helmet)
rElec   .            (no cloak)
rCorr   .            (no gloves)
SInv    .            (no boots)
Will    .....        (no amulet)
Stlth   +            (no ring)
HPRegen 0.23/turn    (no ring)
MPRegen 0.08/turn

%: no passive effects
@: drained, slow
A: amphibious, slowness 1, strong legs 1, +LOS
a: Hop


You were on level 1 of the Dungeon.
You visited 1 branch of the dungeon, and saw 1 of its levels.

Inventory:

Hand Weapons
 a - a +0 falchion (weapon)
Missiles
 f - 8 poisoned darts (quivered)
Armour
 d - an orb of light
 e - a +0 buckler (worn)
 j - a +0 ring mail (worn)
Scrolls
 b - a scroll of identify {unknown}
Potions
 c - a potion of ambrosia
 g - a potion of berserk rage {unknown}
 h - a potion of curing {unknown}
 i - a potion of mutation {unknown}


   Skills:
 + Level 3.8 Fighting
 + Level 3.7 Long Blades
 * Level 1.2 Armour
 + Level 3.4 Dodging
 + Level 0.4 Shields


You had one spell level left.
You didn't know any spells.
Your spell library was empty.

Dungeon Overview and Level Annotations

Branches:
Dungeon (1/15)

Altars:


Innate Abilities, Weirdness & Mutations

You are amphibious.
You cover ground slowly.
You can hop short distances.
You have an extended range of vision and can be seen from far away.


Message History

A bat comes into view.
Found 5 stones.
The bat hits you.
You hit the bat.
You kill the bat!
You see here a bat corpse.
You see here a +0 ring mail.
You see here a +0 ring mail.
j - a +0 ring mail You start removing your armour.
You continue taking off your +0 robe. x4
You finish taking off your +0 robe.
You start putting on your armour.
You continue putting on your +0 ring mail. x5
You finish putting on your +0 ring mail.
You drop a +0 robe.
f - 8 poisoned darts (gained 5)
Found a stone staircase leading down.
b - a scroll labelled GIUZANU KULO A hobgoblin comes into view.
The hobgoblin shouts!
A gnoll comes into view. It is wielding a +0 club.
The gnoll shouts!
The hobgoblin hits you but does no damage.
The hobgoblin completely misses you.
You hit the hobgoblin but do no damage. The hobgoblin hits you.
You closely miss the gnoll. The gnoll hits you with a +0 club.
The hobgoblin closely misses you.
You closely miss the gnoll. The hobgoblin hits you.
The gnoll hits you with a +0 club.
You closely miss the hobgoblin. The gnoll closely misses you.
The hobgoblin misses you.
You hit the hobgoblin.
You kill the hobgoblin!
You block the gnoll's attack.
You hit the gnoll but do no damage. The gnoll hits you with a +0 club.
* * * LOW HITPOINT WARNING * * *
You hit the gnoll.
The gnoll is moderately wounded.
You block the gnoll's attack. The gnoll hits you with a +0 club!
You die...

. ..... ##.#.#.#...## .
........... .. #
#.##.#.#.#...###.#
##...##...............
.#...#...............
.....##........#...#
.........#.#.#.#.†.#
.....##.##.#.#.#@g.#
#.#..........#.....###.
........................
#.#..##..................
........##.#.#####.###.#.
#.#.>##.##.#.# .# #
#.#..##.##.#.# ##
...........#.#
..............


You could see a gnoll.

Vanquished Creatures
  2 endoplasms (D:1)
  A hobgoblin (D:1)
  2 ball pythons (D:1)
  3 bats (D:1)
  A frilled lizard (D:1)
  2 goblins (D:1)
  A kobold (D:1)
  A spectral hobgoblin (D:1)
13 creatures vanquished.

Notes
Turn   | Place    | Note
-------+----------+-------------------------------------------
     0 | D:1      | jagang the Barachi Monk began the quest for the Orb.
     0 | D:1      | Reached XP level 1. HP: 18/18 MP: 1/1
   235 | D:1      | Reached skill level 1 in Armour
   235 | D:1      | Reached XP level 2. HP: 6/25 MP: 2/2
   325 | D:1      | Found a faded altar of an unknown god.
   532 | D:1      | Slain by a gnoll

Illustrated notes

Levels and vault maps discovered:
D:1:      dpeg_arrival_boxes_within_box, layout_basic,
          dreamdust_ecumenical_altar_drowned_temple, minmay_split_cup_large

Skill      XL: |  1 |
---------------+----+-----
Armour         | 1 |  1.2
Fighting       | |  3.8
Long Blades    | |  3.7
Dodging        | |  3.4
Shields        | |  0.4

Action                     || total
---------------------------++-------
  Melee: Falchion          ||    48
  Throw: Dart              ||     3
 Armour: Robe              ||    11
         Ring mail         ||     1
  Dodge: Dodged            ||    24
  Block: Buckler           ||     6
